 Dungeon Crawl Stone Soup version 0.31-a0-620-gd1cbd99268 (webtiles) character file.

Game seed: 2374521168674644159

122 Twinkles the Trooper (level 4, -6/41 HPs)
             Began as a Minotaur Berserker on Aug 23, 2023.
             Was a Believer of Trog.
             Mangled by Natasha (8 damage)
             ... on level 2 of the Dungeon.
             The game lasted 00:01:43 (795 turns).

Twinkles the Trooper (Minotaur Berserker)            Turns: 795, Time: 00:01:44

Health: -6/41      AC:  2    Str: 24    XL:     4   Next: 78%
Magic:  3/3        EV: 12    Int:  4    God:    Trog [**....]
Gold:   97         SH:  0    Dex:  9    Spells: 3/3 levels left

rFire   . . .        a - +0 hand axe
rCold   . . .        (no shield)
rNeg    . . .        h - +0 animal skin
rPois   .            (helmet restricted)
rElec   .            (no cloak)
rCorr   .            (no gloves)
SInv    .            (no boots)
Will    .....        (no amulet)
Stlth   +            (no ring)
HPRegen 0.26/turn    (no ring)
MPRegen 0.08/turn

%: no passive effects
@: no status effects
A: horns 2, retaliatory headbutt
a: Renounce Religion, Berserk, Trog's Hand


You were on level 2 of the Dungeon.
You worshipped Trog.
Trog was pleased with you.
You visited 1 branch of the dungeon, and saw 2 of its levels.

You collected 97 gold pieces.

Inventory:

Hand Weapons
 a - a +0 hand axe (weapon)
 b - a +4 sling of electrocution
Armour
 h - a +0 animal skin (worn)
Wands
 q - a wand of flame (28)
Scrolls
 f - 2 scrolls of identify {unknown}
 g - a scroll of fear {unknown}
 k - a scroll of butterflies {unknown}
Potions
 c - 2 potions of attraction {unknown}
 d - 3 potions of curing {unknown}
 e - 2 potions of might {unknown}
 i - a potion of heal wounds {unknown}
 j - 3 potions of degeneration {unknown}


   Skills:
 + Level 4.7 Fighting
 + Level 4.7 Axes
 + Level 1.8 Ranged Weapons
 - Level 3.1 Armour
 - Level 2.8 Dodging


You had 3 spell levels left.
You didn't know any spells.
Your spell library was empty.

Dungeon Overview and Level Annotations

Branches:
Dungeon (2/15) Zot: 11184

Altars:
Elyvilon

Annotations:
D:2 Natasha


Innate Abilities, Weirdness & Mutations

You have a pair of horns on your head.
You reflexively headbutt those who attack you in melee.


Message History

The goblin shoots a sling bullet.
The sling bullet barely misses you. Natasha misses you.
You shoot a sling bullet. The sling bullet barely misses Natasha.
Natasha barely misses you. You furiously retaliate!
You headbutt Natasha, but do no damage. You shoot a sling bullet.
The sling bullet barely misses Natasha.
Natasha wildly gestures.
Natasha glows brightly for a moment.
Natasha zaps a wand.
The puff of flame hits you!
You are too injured to fight recklessly!
You are too injured to fight recklessly!
You are too injured to fight recklessly!
You are too injured to fight recklessly!
You are too injured to fight recklessly!
You are too injured to fight recklessly!
Natasha zaps a wand.
The puff of flame misses you.
You are too injured to fight recklessly!
Fire: b) +4 sling (elec)
Press: ? - help, Q - select action, (/) - cycle Shift-Dir - straight line, f/p - Natasha
Aim: Natasha, carrying a wand of flame (51% to hit)
You shoot a sling bullet. The sling bullet hits Natasha.
Natasha is lightly wounded.
Natasha stares at you and mumbles some strange words.
The magic dart hits you!
* * * LOW HITPOINT WARNING * * *
A hobgoblin comes into view.
Your +4 sling of electrocution stops crackling.
a - a +0 hand axe (weapon)
You barely miss Natasha.
Natasha is lightly wounded.
Natasha claws you.
* * * LOW HITPOINT WARNING * * *
Natasha claws you.
* * * LOW HITPOINT WARNING * * *
You barely miss Natasha.
Natasha is lightly wounded.
An adder comes into view.
Natasha claws you!
You die...
Natasha begins licking her fur clean.

##'#########
#.# #.# ##.#
#..# #####.##
###.....#
#†..#####
#@### #h#
#grg.....#
.........$#
............#
#>.S#........#
#.#.#........#
....
.........#
##.#
.........#


You could see Natasha, an adder (wandering), a hobgoblin, a goblin and a rat.

Vanquished Creatures
  Natasha (twice) (D:2)
  Robin (D:2)
  2 adders (D:2)
  2 dart slugs (D:2)
  A ball python (D:1)
  2 endoplasms
  A giant cockroach (D:2)
  11 goblins
  6 hobgoblins
  4 quokkas
  A bat (D:1)
  A kobold (D:2)
  2 rats
36 creatures vanquished.

Notes
Turn   | Place    | Note
-------+----------+-------------------------------------------
     0 | D:1      | Twinkles the Minotaur Berserker began the quest for the
                  | Orb.
     0 | D:1      | Reached XP level 1. HP: 19/19 MP: 0/0
   263 | D:1      | Reached XP level 2. HP: 27/27 MP: 1/1
   441 | D:2      | Reached XP level 3. HP: 32/33 MP: 2/2
   444 | D:2      | Found a white marble altar of Elyvilon.
   450 | D:2      | Noticed Natasha
   456 | D:2      | Killed Natasha
   473 | D:2      | Noticed Natasha
   511 | D:2      | Killed Natasha
   512 | D:2      | Reached skill level 1 in Ranged Weapons
   512 | D:2      | Reached XP level 4. HP: 24/41 MP: 3/3
   630 | D:2      | Noticed Robin
   645 | D:2      | Reached ** piety under Trog
   651 | D:2      | Killed Robin
   786 | D:2      | Noticed Natasha
   792 | D:2      | HP: 10/41 [Natasha/magic dart (9)]
   794 | D:2      | HP: 2/41 [Natasha (5)]
   795 | D:2      | Mangled by Natasha

Illustrated notes

Levels and vault maps discovered:
D:1:      amcnicky_arrival_single_pillar, layout_rooms, minmay_fountain_box
D:2:      layout_basic, basic_altar, uniq_robin, uniq_natasha

Skill      XL: |  1  2  3 |
---------------+----------+-----
Fighting       | 4 |  4.7
Axes           | 4 |  4.7
Armour         | 3 |  3.1
Ranged Weapons | 1 |  1.8
Dodging        | |  2.8

Action                     |  1- 3 |  4- 6 || total
---------------------------+-------+-------++-------
  Melee: Hand axe          |     5 |    20 ||    25
         Headbutt          |       |     4 ||     4
   Fire: Sling             |    40 |    13 ||    53
 Armour: Animal skin       |     1 |     4 ||     5
  Dodge: Dodged            |    17 |    20 ||    37

Table legend: (Time is in decaauts)
 A = Elapsed time spent in this place.
 B = Non-inter-level travel time spent in this place.
 C = Inter-level travel time spent in this place.
 D = Time resting spent in this place.
 E = Time spent auto-exploring this place.
 F = Levels seen in this place.
 G = Mean time per level.
                   A        B        C        D        E       F      G
               +--------+--------+--------+--------+--------+-----+--------+
         Total |    814 |    795 |     19 |      0 |    601 |   2 |  407.0 |
       Dungeon |    814 |    795 |     19 |      0 |    601 |   2 |  407.0 |
               +--------+--------+--------+--------+--------+-----+--------+

Top non-repeatable levels by time:
     D:1: 428 daAuts
     D:2: 386 daAuts
